General information
- name: BNet
- type: Ladder team game (AT/RT)
- host: Battle.net
- saver: HUMBLE-PROFESSO
map: LastManStanding
- players: 8
- length: 26:36
- speed: Fast
- version: 1.26 W3XP
- replay type: Public
» download(168 KB)
Players
team 1 (winner)
balphawolf (
teal | 47 APM | 1261 actions | 26:35)
6 Paladin
3 Holy Light
1 Divine Shield
1 Devotion Aura
1 Resurrection
» actions
| Assign group hotkey | 27 | |
| Basic commands | 6 | |
| Build / train | 53 | |
| Enter build submenu | 19 | |
| Enter hero's abilities submenu | 6 | |
| Give item / drop item | 3 | |
| Remove unit from queue | 1 | |
| Right click | 360 | |
| Select / deselect | 219 | |
| Select group hotkey | 482 | |
| Use ability | 85 | |
1261 total
» units
| Peasant | 10 | |
| Footman | 4 | |
| Dragonhawk Rider | 8 | |
| Gryphon Rider | 8 | |
| Goblin Zeppelin | 1 | |
31 total
» upgrades
| Defend | 1 | |
| Swords | 3 | |
| Lumber Harvesting | 0 | |
| Armor | 3 | |
| Storm Hammers | 1 | |
| Cloud | 1 | |
9 total
» buildings
| Altar of Kings | 1 | |
| Farm | 11 | |
| Barracks | 2 | |
| Lumber Mill | 1 | |
| Blacksmith | 1 | |
| Keep | 1 | |
| Arcane Vault | 1 | |
| Gryphon Aviary | 2 | |
| Castle | 1 | |
21 total
» build order
00:22 Altar of Kings
00:36 Farm
01:06 Barracks
01:18 Farm
01:58 Barracks
02:29 Farm
02:42 Lumber Mill
02:50 Blacksmith
03:17 Farm
04:06 Keep
05:06 Arcane Vault
05:42 Farm
06:21 Farm
06:30 Gryphon Aviary
06:32 Castle
07:10 Gryphon Aviary
07:58 Farm
08:48 Farm
10:40 Farm
12:14 Farm
12:56 Farm
» items
| Orb of Fire | 1 | |
| Potion of Healing | 1 | |
| Scroll of Town Portal | 1 | |
3 total
HUMBLE-PROFESSO (
purple | 65 APM | 1728 actions | 26:36)
6 Archmage
3 Blizzard
2 Brilliance Aura
1 Mass Teleport
» actions
| Assign group hotkey | 56 | |
| Basic commands | 41 | |
| Build / train | 123 | |
| Enter build submenu | 26 | |
| Enter hero's abilities submenu | 6 | |
| Give item / drop item | 2 | |
| Right click | 645 | |
| Select / deselect | 157 | |
| Select group hotkey | 478 | |
| Use ability | 194 | |
1728 total
» units
| Peasant | 23 | |
| Goblin Shredder | 2 | |
25 total
» upgrades
| Masonry | 3 | |
| Lumber Harvesting | 2 | |
| Magic Sentry | 1 | |
6 total
» buildings
| Altar of Kings | 1 | |
| Farm | 3 | |
| Arcane Vault | 6 | |
| Town Hall | 2 | |
| Scout Tower | 121 | |
| Keep | 1 | |
| Lumber Mill | 1 | |
| Arcane Tower | 2 | |
| Guard Tower | 63 | |
| Arcane Sanctum | 1 | |
| Castle | 1 | |
202 total
» build order
00:09 Altar of Kings
00:21 Farm
01:08 Farm
02:00 Farm
02:08 Arcane Vault
04:18 Town Hall
04:21 Scout Tower
04:21 Scout Tower
05:14 Keep
05:25 Lumber Mill
05:29 Arcane Tower
05:32 Arcane Vault
05:52 Scout Tower
05:52 Scout Tower
05:53 Scout Tower
05:53 Scout Tower
05:54 Scout Tower
06:52 Guard Tower
07:17 Guard Tower
07:27 Scout Tower
07:27 Scout Tower
07:28 Scout Tower
07:28 Scout Tower
07:29 Scout Tower
07:29 Scout Tower
07:30 Scout Tower
07:32 Scout Tower
07:32 Scout Tower
07:33 Scout Tower
07:34 Scout Tower
07:41 Arcane Sanctum
08:03 Guard Tower
08:39 Guard Tower
08:55 Guard Tower
09:34 Scout Tower
09:34 Scout Tower
09:35 Scout Tower
09:36 Scout Tower
09:36 Scout Tower
09:37 Scout Tower
09:37 Scout Tower
09:38 Scout Tower
09:38 Scout Tower
09:39 Scout Tower
09:39 Scout Tower
09:40 Scout Tower
09:40 Scout Tower
09:41 Scout Tower
09:41 Scout Tower
09:42 Scout Tower
09:42 Scout Tower
09:43 Scout Tower
09:43 Scout Tower
09:44 Scout Tower
09:45 Scout Tower
09:46 Scout Tower
09:46 Scout Tower
09:47 Scout Tower
09:51 Guard Tower
10:17 Guard Tower
10:19 Castle
10:22 Guard Tower
10:24 Guard Tower
10:24 Guard Tower
10:25 Guard Tower
10:35 Guard Tower
10:52 Guard Tower
11:06 Guard Tower
11:06 Guard Tower
11:10 Guard Tower
11:11 Guard Tower
11:11 Guard Tower
11:32 Guard Tower
11:47 Guard Tower
11:48 Guard Tower
11:48 Guard Tower
11:51 Arcane Vault
11:59 Scout Tower
12:00 Scout Tower
12:00 Scout Tower
12:01 Scout Tower
12:01 Scout Tower
12:02 Scout Tower
12:16 Scout Tower
12:17 Scout Tower
12:17 Scout Tower
12:18 Scout Tower
12:19 Scout Tower
12:19 Scout Tower
12:20 Scout Tower
12:20 Scout Tower
12:21 Scout Tower
12:23 Scout Tower
12:24 Scout Tower
12:25 Scout Tower
12:26 Scout Tower
12:26 Scout Tower
12:26 Scout Tower
12:27 Scout Tower
12:27 Scout Tower
12:28 Scout Tower
13:00 Guard Tower
13:11 Guard Tower
13:26 Guard Tower
13:26 Guard Tower
13:40 Guard Tower
13:40 Guard Tower
14:01 Arcane Vault
14:34 Scout Tower
14:35 Scout Tower
14:35 Scout Tower
14:36 Scout Tower
14:37 Scout Tower
14:38 Scout Tower
14:38 Scout Tower
14:39 Scout Tower
14:39 Scout Tower
14:39 Scout Tower
14:41 Guard Tower
15:24 Guard Tower
15:24 Guard Tower
15:27 Guard Tower
16:05 Scout Tower
16:06 Scout Tower
16:06 Scout Tower
16:07 Scout Tower
16:09 Scout Tower
16:09 Scout Tower
16:10 Scout Tower
16:11 Scout Tower
16:38 Guard Tower
16:39 Guard Tower
16:41 Guard Tower
16:48 Guard Tower
16:48 Guard Tower
17:54 Scout Tower
17:54 Scout Tower
17:55 Scout Tower
17:55 Scout Tower
17:55 Scout Tower
17:56 Scout Tower
18:40 Guard Tower
18:41 Guard Tower
23:28 Arcane Vault
24:08 Arcane Vault
24:33 Scout Tower
24:33 Scout Tower
24:34 Scout Tower
24:35 Scout Tower
24:36 Scout Tower
24:36 Scout Tower
24:37 Scout Tower
25:03 Arcane Tower
25:05 Guard Tower
25:13 Guard Tower
25:14 Guard Tower
25:15 Scout Tower
25:16 Scout Tower
25:16 Scout Tower
25:16 Scout Tower
25:17 Scout Tower
25:17 Scout Tower
25:18 Scout Tower
25:18 Scout Tower
25:19 Scout Tower
25:19 Scout Tower
25:25 Guard Tower
25:25 Guard Tower
26:00 Guard Tower
26:19 Guard Tower
26:21 Town Hall
26:23 Scout Tower
26:24 Scout Tower
26:24 Scout Tower
26:25 Scout Tower
26:26 Scout Tower
26:27 Scout Tower
26:27 Scout Tower
» items
| Scroll of Town Portal | 1 | |
| Potion of Healing | 7 | |
| Potion of Mana | 1 | |
| Ivory Tower | 6 | |
| Orb of Fire | 1 | |
| Scroll of Regeneration | 2 | |
18 total

»
LOBOFURTIVO (
pink | 45 APM | 1207 actions | 26:35)
6 Death Knight
2 Death Coil
1 Death Pact
2 Unholy Aura
1 Animate Dead
5 Dark Ranger
1 Black Arrow
3 Life Drain
1 Silence
» actions
| Assign group hotkey | 63 | |
| Basic commands | 56 | |
| Build / train | 79 | |
| Enter build submenu | 21 | |
| Enter hero's abilities submenu | 11 | |
| Right click | 335 | |
| Select / deselect | 240 | |
| Select group hotkey | 325 | |
| Use ability | 77 | |
1207 total
» units
| Acolyte | 8 | |
| Ghoul | 7 | |
| Goblin Shredder | 3 | |
| Crypt Fiend | 7 | |
| Frost Wyrm | 9 | |
| Obsidian Statue | 4 | |
38 total
» upgrades
| Unholy Armor | 1 | |
| Cannibalize | 1 | |
| Unholy Strength | 1 | |
| Creature Attack | 3 | |
| Creature Carapace | 3 | |
| Web | 1 | |
| Burrow | 1 | |
| Freezing Breath | 1 | |
12 total
» buildings
| Crypt | 2 | |
| Altar of Darkness | 1 | |
| Ziggurat | 9 | |
| Graveyard | 1 | |
| Tomb of Relics | 1 | |
| Nerubian Tower | 2 | |
| Halls of the Dead | 1 | |
| Necropolis | 1 | |
| Sacrificial Pit | 1 | |
| Spirit Tower | 4 | |
| Black Citadel | 1 | |
| Slaughterhouse | 2 | |
| Boneyard | 3 | |
29 total
» build order
00:27 Crypt
00:32 Altar of Darkness
00:38 Ziggurat
01:13 Ziggurat
01:25 Graveyard
02:05 Tomb of Relics
02:10 Nerubian Tower
02:56 Crypt
05:47 Halls of the Dead
06:38 Ziggurat
06:54 Necropolis
06:59 Ziggurat
07:00 Ziggurat
08:16 Sacrificial Pit
08:43 Nerubian Tower
08:44 Spirit Tower
10:47 Black Citadel
11:03 Spirit Tower
11:11 Slaughterhouse
11:13 Slaughterhouse
11:53 Ziggurat
11:54 Ziggurat
13:40 Boneyard
13:41 Boneyard
13:43 Boneyard
15:46 Spirit Tower
15:58 Ziggurat
15:59 Ziggurat
25:20 Spirit Tower
» items
| Rod of Necromancy | 1 | |
| Sacrificial Skull | 1 | |
| Potion of Healing | 2 | |
| Potion of Mana | 1 | |
| Scroll of Town Portal | 1 | |
| Orb of Fire | 1 | |
| Scroll of Regeneration | 1 | |
8 total
goeasyonmeplz (
red | 77 APM | 2036 actions | 26:35)
6 Death Knight
3 Death Coil
2 Unholy Aura
1 Animate Dead
5 Dark Ranger
2 Black Arrow
3 Life Drain
» actions
| Assign group hotkey | 23 | |
| Basic commands | 26 | |
| Build / train | 88 | |
| ESC pressed | 19 | |
| Enter build submenu | 19 | |
| Enter hero's abilities submenu | 11 | |
| Give item / drop item | 3 | |
| Remove unit from queue | 2 | |
| Right click | 1067 | |
| Select / deselect | 330 | |
| Select group hotkey | 316 | |
| Use ability | 132 | |
2036 total
» units
| Acolyte | 3 | |
| Ghoul | 5 | |
| Crypt Fiend | 5 | |
| Frost Wyrm | 42 | |
55 total
» upgrades
| Creature Attack | 2 | |
| Creature Carapace | 3 | |
| Unholy Armor | 1 | |
| Freezing Breath | 2 | |
8 total
» buildings
| Altar of Darkness | 1 | |
| Ziggurat | 8 | |
| Crypt | 2 | |
| Graveyard | 1 | |
| Halls of the Dead | 3 | |
| Tomb of Relics | 1 | |
| Black Citadel | 2 | |
| Sacrificial Pit | 1 | |
| Boneyard | 2 | |
| Spirit Tower | 1 | |
22 total
» build order
00:11 Altar of Darkness
00:12 Ziggurat
00:44 Crypt
01:20 Graveyard
01:26 Ziggurat
01:39 Crypt
03:27 Halls of the Dead
03:27 Halls of the Dead
03:27 Halls of the Dead
03:32 Tomb of Relics
03:43 Ziggurat
03:47 Ziggurat
04:49 Ziggurat
04:51 Ziggurat
05:47 Black Citadel
05:48 Black Citadel
06:19 Sacrificial Pit
08:11 Boneyard
08:12 Boneyard
11:09 Ziggurat
16:52 Ziggurat
21:32 Spirit Tower
» items
| Potion of Healing | 1 | |
| Scroll of Regeneration | 1 | |
2 total
team 2 (loser)

»
cdplaya (
blue | 39 APM | 1036 actions | 26:30)
5 Dreadlord
2 Sleep
3 Vampiric Aura
4 Death Knight
2 Death Coil
2 Unholy Aura
» actions
| Assign group hotkey | 3 | |
| Basic commands | 5 | |
| Build / train | 65 | |
| Enter build submenu | 17 | |
| Enter hero's abilities submenu | 9 | |
| Remove unit from queue | 3 | |
| Right click | 470 | |
| Select / deselect | 337 | |
| Select group hotkey | 26 | |
| Use ability | 101 | |
1036 total
» units
| Acolyte | 4 | |
| Ghoul | 3 | |
| Crypt Fiend | 8 | |
| Obsidian Statue | 12 | |
| Gargoyle | 5 | |
32 total
» upgrades
| Creature Attack | 3 | |
| Creature Carapace | 2 | |
| Web | 1 | |
| Destroyer Form | 1 | |
7 total
» buildings
| Altar of Darkness | 1 | |
| Ziggurat | 7 | |
| Graveyard | 1 | |
| Crypt | 1 | |
| Tomb of Relics | 1 | |
| Halls of the Dead | 1 | |
| Slaughterhouse | 2 | |
| Black Citadel | 1 | |
| Spirit Tower | 1 | |
| Nerubian Tower | 2 | |
18 total
» build order
00:14 Altar of Darkness
00:17 Ziggurat
00:50 Graveyard
01:11 Crypt
01:53 Tomb of Relics
02:21 Ziggurat
04:11 Ziggurat
05:12 Halls of the Dead
05:55 Ziggurat
07:37 Slaughterhouse
08:39 Ziggurat
08:47 Slaughterhouse
10:22 Black Citadel
11:42 Ziggurat
16:23 Ziggurat
20:43 Spirit Tower
21:15 Spirit Tower
21:17 Nerubian Tower
21:18 Nerubian Tower
» items
| Rod of Necromancy | 1 | |
| Scroll of Town Portal | 2 | |
3 total

»
CinderTitan (
green | 29 APM | 743 actions | 25:56)
3 Tauren Chieftain
2 Endurance Aura
1 Shockwave
» actions
| Basic commands | 239 | |
| Build / train | 102 | |
| Enter build submenu | 36 | |
| Enter hero's abilities submenu | 3 | |
| Give item / drop item | 1 | |
| Remove unit from queue | 1 | |
| Right click | 10 | |
| Select / deselect | 280 | |
| Use ability | 71 | |
743 total
» units
| Peon | 22 | |
| Grunt | 4 | |
| Demolisher | 12 | |
| Troll Witch Doctor | 19 | |
| Troll Headhunter/Berserker | 16 | |
| Goblin Zeppelin | 1 | |
| Shaman | 4 | |
78 total
» upgrades
| Melee Weapons | 1 | |
| Armor | 2 | |
| Reinforced Defenses | 1 | |
| Spiked Barricades | 2 | |
| Ranged Weapons | 3 | |
| Witch Doctor Training | 2 | |
| Burning Oil | 1 | |
| Berserker Upgrade | 1 | |
| Troll Regeneration | 1 | |
| Shaman Training | 1 | |
15 total
» buildings
| Altar of Storms | 1 | |
| Barracks | 1 | |
| Orc Burrow | 5 | |
| War Mill | 1 | |
| Stronghold | 1 | |
| Voodoo Lounge | 1 | |
| Fortress | 1 | |
| Spirit Lodge | 1 | |
| Great Hall | 1 | |
| Watch Tower | 19 | |
| Beastiary | 1 | |
33 total
» build order
00:53 Altar of Storms
01:01 Barracks
01:08 Orc Burrow
01:21 Orc Burrow
02:10 War Mill
03:25 Orc Burrow
03:40 Stronghold
04:01 Voodoo Lounge
05:16 Orc Burrow
06:30 Fortress
06:39 Spirit Lodge
07:42 Orc Burrow
10:21 Great Hall
10:42 Watch Tower
11:54 Watch Tower
12:59 Watch Tower
14:21 Watch Tower
15:22 Watch Tower
16:26 Watch Tower
16:35 Watch Tower
16:39 Watch Tower
18:03 Watch Tower
18:16 Watch Tower
18:35 Watch Tower
20:52 Watch Tower
20:58 Watch Tower
21:05 Watch Tower
22:05 Watch Tower
22:42 Watch Tower
22:49 Watch Tower
22:52 Watch Tower
23:48 Watch Tower
25:18 Beastiary
» items
GeneralOverton (
yellow | 26 APM | 687 actions | 26:25)
4 Dark Ranger
2 Silence
1 Life Drain
1 Black Arrow
» actions
| Assign group hotkey | 20 | |
| Basic commands | 22 | |
| Build / train | 67 | |
| Enter build submenu | 17 | |
| Enter hero's abilities submenu | 4 | |
| Remove unit from queue | 6 | |
| Right click | 172 | |
| Select / deselect | 272 | |
| Select group hotkey | 69 | |
| Use ability | 38 | |
687 total
» units
| Acolyte | 6 | |
| Ghoul | 9 | |
| Gargoyle | 17 | |
| Centaur Outrunner | 1 | |
| Harpy Rogue | 1 | |
| Frost Wyrm | 10 | |
44 total
» upgrades
| Freezing Breath | 1 | |
| Creature Attack | 3 | |
| Creature Carapace | 3 | |
7 total
» buildings
| Halls of the Dead | 1 | |
| Crypt | 1 | |
| Ziggurat | 9 | |
| Altar of Darkness | 1 | |
| Graveyard | 1 | |
| Black Citadel | 1 | |
| Sacrificial Pit | 1 | |
| Boneyard | 2 | |
| Spirit Tower | 2 | |
| Tomb of Relics | 1 | |
| Nerubian Tower | 1 | |
21 total
» build order
00:41 Halls of the Dead
01:02 Crypt
02:42 Ziggurat
02:49 Altar of Darkness
02:52 Ziggurat
03:15 Graveyard
04:39 Black Citadel
05:19 Sacrificial Pit
05:30 Ziggurat
06:46 Ziggurat
08:36 Boneyard
08:38 Boneyard
10:11 Ziggurat
10:13 Ziggurat
10:17 Spirit Tower
10:45 Spirit Tower
11:20 Ziggurat
11:22 Ziggurat
11:23 Ziggurat
11:27 Tomb of Relics
11:49 Nerubian Tower
DblBarrels (
orange | 42 APM | 1104 actions | 26:35)
5 Far Seer
3 Feral Spirit
2 Chain Lighting
3 Shadow Hunter
2 Healing Wave
1 Serpent Ward
4 Tauren Chieftain
2 Endurance Aura
2 War Stomp
» actions
| Assign group hotkey | 8 | |
| Basic commands | 59 | |
| Build / train | 76 | |
| Enter build submenu | 21 | |
| Enter hero's abilities submenu | 12 | |
| Remove unit from queue | 1 | |
| Right click | 251 | |
| Select / deselect | 279 | |
| Select group hotkey | 322 | |
| Use ability | 75 | |
1104 total
» units
| Peon | 6 | |
| Goblin Shredder | 1 | |
| Tauren | 9 | |
| Wind Rider | 5 | |
21 total
» upgrades
| Armor | 3 | |
| Pulverize | 1 | |
| Melee Weapons | 3 | |
| Pillage | 1 | |
| Shaman Training | 1 | |
| Reinforced Defenses | 1 | |
| Ranged Weapons | 3 | |
| Envenomed Spears | 1 | |
14 total
» buildings
| Orc Burrow | 6 | |
| Altar of Storms | 1 | |
| Stronghold | 1 | |
| War Mill | 1 | |
| Voodoo Lounge | 1 | |
| Fortress | 1 | |
| Great Hall | 1 | |
| Tauren Totem | 2 | |
| Watch Tower | 5 | |
| Spirit Lodge | 1 | |
| Beastiary | 2 | |
22 total
» build order
01:10 Orc Burrow
01:18 Altar of Storms
01:49 Stronghold
02:18 War Mill
02:31 Orc Burrow
03:35 Voodoo Lounge
04:13 Fortress
04:46 Orc Burrow
06:46 Great Hall
07:42 Tauren Totem
08:13 Orc Burrow
09:27 Orc Burrow
10:29 Orc Burrow
11:57 Tauren Totem
14:21 Watch Tower
14:25 Watch Tower
14:25 Watch Tower
14:27 Watch Tower
14:44 Spirit Lodge
19:00 Watch Tower
20:20 Beastiary
21:51 Beastiary
» items
| Orb of Lightning | 4 | |
| Potion of Healing | 5 | |
| Scroll of Speed | 5 | |
| Potion of Mana | 2 | |
| Lesser Clarity Potion | 4 | |
| Scroll of Town Portal | 1 | |
21 total
Chat log
(00:17 / Allies) balphawolf: foot griff
(00:18 / All) HUMBLE-PROFESSO: diablo 3 on ps4!!!
(00:30 / All) goeasyonmeplz: so?
(00:32 / All) goeasyonmeplz: Diablo 3 fucking sucked.
(00:40 / All) HUMBLE-PROFESSO: its gonna have couch co op tho offline
(00:41 / All) cdplaya: yeah it did
(00:43 / All) HUMBLE-PROFESSO: instant success
(00:46 / All) HUMBLE-PROFESSO: on consoles
(00:51 / All) HUMBLE-PROFESSO: couch co-op rpg= win
(00:58 / All) goeasyonmeplz: for how long?
(01:02 / All) HUMBLE-PROFESSO: couple hours
(01:06 / All) goeasyonmeplz: because i played it for 2 months straight on PC and it's fucking bad.
(01:13 / All) goeasyonmeplz: no end game
(01:14 / All) goeasyonmeplz: Shits lames
(01:16 / All) HUMBLE-PROFESSO: everybody knows it sucks
(01:54 / All) HUMBLE-PROFESSO: they shoul have announced world of warcraft on the ps4
(02:01 / All) goeasyonmeplz: no?
(02:06 / All) goeasyonmeplz: Wow is boring as fuck too
(02:10 / All) goeasyonmeplz: and i played that since 2005
(02:20 / All) GeneralOverton: we need a warcraft 4 is what we need
(02:21 / All) HUMBLE-PROFESSO: world of warcraft is rated as the most successful video game ever, no way is it boring
(02:27 / All) goeasyonmeplz: Warcraft 4 would be sick
(02:30 / All) GeneralOverton: with naga's!!!
(02:38 / All) CinderTitan: Diablo3 wasn't so bad.
(02:39 / All) cdplaya: sc2 wc mod
(02:42 / All) HUMBLE-PROFESSO: id want the blademaster to return to wc3
(02:45 / All) CinderTitan: but Warcraft 4 would be nice
(02:53 / All) goeasyonmeplz: diablo 3 was really fun until you got max level and there was nothing to do after that
(02:58 / All) goeasyonmeplz: and they STILL don't have pvp in d3 do they
(03:08 / Allies) HUMBLE-PROFESSO: come teal
(03:11 / All) CinderTitan: they actually do
(03:20 / Allies) balphawolf: those are huge
(03:21 / All) goeasyonmeplz: and is it good?
(03:26 / Allies) HUMBLE-PROFESSO: come they are easy
(04:01 / All) goeasyonmeplz: ps4 will be $800 i bet
(04:06 / All) GeneralOverton: ha
(04:07 / All) GeneralOverton: totally
(04:13 / All) HUMBLE-PROFESSO: only like 500
(04:19 / All) goeasyonmeplz: 500? not bad
(04:22 / All) GeneralOverton: only??
(04:26 / All) cdplaya: buch of chatterboxes up in here i tell ya what
(04:30 / All) HUMBLE-PROFESSO: actually i dont know, its rumored between 430 and 530
(04:32 / All) GeneralOverton: lol
(05:17 / Allies) LOBOFURTIVO: ty
(06:22 / Allies) goeasyonmeplz: w
(06:23 / Allies) goeasyonmeplz: wood?
(07:05 / Allies) LOBOFURTIVO: ty
(08:16 / Allies) goeasyonmeplz: wood please
(10:24 / Allies) goeasyonmeplz: wood please..
(11:28 / Allies) goeasyonmeplz: lets own them there i have wand of wind
(11:41 / Allies) HUMBLE-PROFESSO: wood
(11:57 / Allies) goeasyonmeplz: purple
(11:59 / Allies) goeasyonmeplz: we can't get out
(12:34 / Allies) HUMBLE-PROFESSO: fight at the towers
(12:35 / Allies) HUMBLE-PROFESSO: wtf
(13:03 / Allies) balphawolf: brt
(13:23 / Allies) LOBOFURTIVO: hit sieg
(15:50 / Allies) HUMBLE-PROFESSO: man the gates men
(15:59 / Allies) HUMBLE-PROFESSO: do not let them breech our territory
(16:14 / Allies) balphawolf: stuck
(16:17 / Allies) balphawolf: cant get out
(16:26 / Allies) balphawolf: ty
(16:50 / All) goeasyonmeplz: This map blows
(16:54 / All) GeneralOverton: lol
(17:00 / Allies) balphawolf: maybe we should hit their bakside since we got air
(17:02 / All) GeneralOverton: same
(17:03 / All) HUMBLE-PROFESSO: better than hrruicane isles
(17:36 / Allies) goeasyonmeplz: coil me dk
(17:48 / Allies) goeasyonmeplz: PINK
(17:49 / Allies) goeasyonmeplz: COIL MY DK
(19:02 / Allies) LOBOFURTIVO: coilme
(19:06 / Allies) goeasyonmeplz: no fuck u
(19:10 / Allies) goeasyonmeplz: i have no acoylts and no main
(19:11 / Allies) goeasyonmeplz: so im done
(20:34 / Allies) goeasyonmeplz: can't make anything
(20:36 / Allies) goeasyonmeplz: i have no workers
(20:37 / Allies) goeasyonmeplz: lol
(20:47 / Allies) balphawolf: im gona use blimp to hit their main
(21:06 / Allies) goeasyonmeplz: purple u kno what would be good
(21:09 / Allies) goeasyonmeplz: if u made units
(21:13 / Allies) HUMBLE-PROFESSO: yea
(21:16 / Allies) LOBOFURTIVO: coilme
(21:23 / Allies) LOBOFURTIVO: ty
(22:08 / Allies) HUMBLE-PROFESSO: fight wtf
(24:30 / Allies) goeasyonmeplz: gold and wood purple
(25:34 / Allies) HUMBLE-PROFESSO: wait teal!
(25:52 / Allies) goeasyonmeplz: coil me dk
(26:04 / All) HUMBLE-PROFESSO: fun game lol
(26:27 / Allies) goeasyonmeplz: gold please